 Dungeon Crawl Stone Soup version 0.31-a0-986-g5e6e4ef867 (console) character file.

Game seed: 9569670064954179676

165 petzl the Sneak (level 5, -2/41 HPs)
             Began as a Formicid Delver on Nov 16, 2023.
             Slain by a hornet (10 damage)
             ... on level 9 of the Dungeon.
             The game lasted 00:08:56 (2267 turns).

petzl the Sneak (Formicid Delver)                   Turns: 2267, Time: 00:08:58

Health: -2/41      AC:  5    Str: 22    XL:     5   Next: 75%
Magic:  12/12      EV: 11    Int: 12    God:
Gold:   79         SH:  0    Dex: 21    Spells: 14/14 levels left

rFire   . . .        a - +0 mace
rCold   . . .        (no shield)
rNeg    . . .        l - +0 ring mail
rPois   .            (helmet unavailable)
rElec   .            (no cloak)
rCorr   .            (no gloves)
SInv    +            (no boots)
Will    .....        (no amulet)
Stlth   +++          m - +6 ring of dexterity
HPRegen 0.26/turn    q - +6 ring of strength
MPRegen 0.13/turn

%: no passive effects
@: lethally poisoned (-2 -> -14)
A: permanent stasis, dig shafts and tunnels, antennae 3, four strong arms
a: Dig, Shaft Self


You were on level 9 of the Dungeon.
You visited 1 branch of the dungeon, and saw 11 of its levels.

You collected 118 gold pieces.
You spent 39 gold pieces at shops.

Inventory:

Hand Weapons
 a - a +0 mace (weapon)
Armour
 b - a +0 leather armour
 l - a +0 ring mail (worn)
Jewellery
 m - a +6 ring of dexterity (left hand)
 p - a ring of protection from fire
 q - a +6 ring of strength (right hand)
Wands
 f - a wand of digging (3)
 h - a wand of flame (18)
Scrolls
 c - a scroll of fog
 d - a scroll of revelation
 e - a scroll of fear
 j - a scroll of amnesia
 k - 2 scrolls of identify
 n - a scroll of immolation {unknown}


   Skills:
 - Level 3.2 Fighting
 - Level 2.0 Maces & Flails
 - Level 1.7 Dodging
 - Level 6.0 Stealth
 + Level 5.0 Spellcasting


You had 14 spell levels left.
You didn't know any spells.
Your spell library contained the following spells:

 Spells                   Type           Power      Damage    Failure   Level
 Animate Dead             Necr           3%         N/A       97%         4
 Haunt                    Necr/Summ      1%         N/A       100%        7
 Infestation              Necr           1%         N/A       100%        8


Dungeon Overview and Level Annotations

Branches:
Dungeon (11/15)
 Temple: D:4-7         Lair: D:8-11         Orc: D:9-12

Altars:

Shops:
D:1 **   D:6 [

Annotations:
D:2 Terence
D:3 Pargi
D:9 exclusion: water moccasin


Innate Abilities, Weirdness & Mutations

You cannot be hasted, slowed, berserked, paralysed or teleported.
You can dig through walls and to a lower floor.
You have a pair of large antennae on your head. (SInv)
Your four strong arms can wield two-handed weapons with a shield.


Message History

The hornet stings you but does no damage.
Aiming: Quicksilver Bolt
Press: ? - help, Shift-Dir - straight line, f/p - hornet
Aim: a hornet (57% to hit)
The bolt of dispelling energy hits the hornet!
The hornet is moderately wounded.
The now-empty wand crumbles to dust.
The hornet stings you!
Your stasis prevents you from being slowed.
You hit the hornet but do no damage.
The hornet is moderately wounded.
The hornet stings you.
Your stasis prevents you from being slowed.
The hornet stings you!
You are poisoned.
Your stasis prevents you from being slowed.
Okay, then.
You feel better. The hornet stings you.
You are poisoned.
Your stasis prevents you from being slowed.
The hornet misses you.
You hit the hornet.
The hornet is moderately wounded.
You feel very sick. The hornet misses you. x2
You barely miss the hornet.
The hornet is moderately wounded.
You feel sick.
The hornet stings you but does no damage.
The hornet stings you!
* * * LOW HITPOINT WARNING * * *
You are lethally poisoned!
Your stasis prevents you from being slowed.
Aiming: Throw Flame
Press: ? - help, Shift-Dir - straight line, f/p - hornet
Aim: a hornet (moderately wounded, 52% to hit)
The puff of flame misses the hornet.
* * * LOW HITPOINT WARNING * * *
You feel very sick. The hornet stings you!
You die...

#..............##.###...###
######.........##.# ..#
#####.........##.# .#
#.............##.# #
#.†.....########.#
#.......# #.# # #.......#
#.# .# #.......# #.# ..
#.......# #.# .# #.......#
#.# ..#
#.......########.#...#
#....................#
#######..............#
#.................
##.................
#.....#####....####
#...>.#######..#
#.........# #.# ##......@.#
.# #......y.# .
#........####.##
#..............#
#..............#
########.......# ........#
......... ........T.
.......... ...........


You could see a hornet.

Vanquished Creatures
  A water moccasin (D:9)
  2 adders (D:2)
  3 dart slugs (D:1)
  6 ball pythons
  An endoplasm (D:2)
  A giant cockroach (D:1)
  4 goblins
  5 hobgoblins
  A quokka (D:2)
  3 bats (D:1)
  5 kobolds
  12 rats
44 creatures vanquished.

Notes
Turn   | Place    | Note
-------+----------+-------------------------------------------
     0 | D:5      | petzl the Formicid Delver began the quest for the Orb.
     0 | D:5      | Reached XP level 1. HP: 18/18 MP: 1/1
    88 | D:4      | Noticed an ogre
   146 | D:2      | Reached skill level 1 in Spellcasting
   146 | D:2      | Reached XP level 2. HP: 18/24 MP: 1/4
   216 | D:2      | Noticed Terence
   234 | D:2      | Reached XP level 3. HP: 8/29 MP: 4/6
   419 | D:1      | Found Qimudos's General Store.
   430 | D:1      | Bought a scroll of identify for 26 gold pieces
   702 | D:1      | Found Emuarad's General Store.
   712 | D:1      | Reached XP level 4. HP: 35/35 MP: 8/8
   720 | D:1      | Bought a potion of degeneration for 13 gold pieces
   850 | D:1      | Found a faded altar of an unknown god.
  1615 | D:3      | Noticed Pargi
  1729 | D:3      | You fall into a shaft and drop 3 floors!
  1906 | D:6      | Found Wuitouvia's Armour Emporium.
  1965 | D:6      | You fall into a shaft and drop 2 floors!
  2022 | D:8      | You fall into a shaft and drop 2 floors!
  2022 | D:10     | Entered Level 10 of the Dungeon
  2042 | D:11     | Noticed an ice beast
  2130 | D:9      | Noticed a water moccasin
  2160 | D:9      | Killed a water moccasin
  2161 | D:9      | Reached skill level 5 in Spellcasting
  2161 | D:9      | Reached XP level 5. HP: 36/41 MP: 9/12
  2217 | D:9      | Noticed a water moccasin
  2255 | D:9      | Noticed a hornet
  2256 | D:9      | Noticed a troll
  2267 | D:9      | Slain by a hornet

Illustrated notes

Levels and vault maps discovered:
D:1:      saegor_arrival_simple_a, layout_rooms, serial_shops,
          nicolae_shop_waterfront, nicolae_diamond_shop,
          shapermc_ecumenical_altar_acropolis
D:2:      layout_basic, minmay_rat_gold_closets, uniq_terence
D:3:      minmay_evil_eye, layout_loops_corners,
          mainiacjoe_sewer_entry_somewhere_in_here_1, uniq_pargi
D:4:      layout_basic
D:5:      gammafunk_wand_slinger, layout_loops_ring, serial_shops, shop,
          gammafunk_ghost_grave, uniq_crazy_yiuf_cottage
D:6:      minmay_flawed_box, layout_basic, minmay_temple_entry_statues_pillars,
          serial_shops, nicolae_shop_trees, nicolae_figureground_pulse,
          uniq_eustachio
D:7:      layout_basic, mainiacjoe_overflow_catwalk, nicolae_custom_books,
          uniq_joseph, uniq_prince_ribbit1
D:8:      layout_cave_pools, mainiacjoe_overflow_small_starburst,
          serial_column_ruins, column_ruins_open_tiny,
          column_ruins_columns_straight, column_ruins_corridor_straight,
          column_ruins_grid_1, grunt_decor_arrowhead, kennysheep_donut,
          nicolae_tricolors
D:9:      layout_basic, special_room [special_room_orc],
          nicolae_shop_overcharged_wands
D:10:     layout_roguey, mainiacjoe_overflow_catch_the_wave, uniq_fannar,
          uniq_maurice
D:11:     layout_gridville, hellmonk_lair_entry_icy,
          nicolae_twisty_statue_hallways

Skill      XL: |  1  2  3  4 |
---------------+-------------+-----
Spellcasting   | 1 2 3 5 |  5.0
Fighting       | |  3.2
Maces & Flails | |  2.0
Dodging        | |  1.7
Stealth        | |  6.0

Action                     |  1- 3 |  4- 6 || total
---------------------------+-------+-------++-------
  Melee: Mace              |    70 |    65 ||   135
Ability: Shaft Self        |       |     3 ||     3
         Dig               |       |     2 ||     2
  Evoke: Wand              |       |     5 ||     5
    Use: Scroll            |       |     4 ||     4
         Potion            |       |     2 ||     2
   Stab: Sleeping          |     5 |     6 ||    11
         Paralysed         |       |     3 ||     3
         Distracted        |       |     2 ||     2
 Armour: Leather armour    |    13 |       ||    13
         Ring mail         |    35 |    73 ||   108
  Dodge: Dodged            |    48 |    42 ||    90

Table legend: (Time is in decaauts)
 A = Elapsed time spent in this place.
 B = Non-inter-level travel time spent in this place.
 C = Inter-level travel time spent in this place.
 D = Time resting spent in this place.
 E = Time spent auto-exploring this place.
 F = Levels seen in this place.
 G = Mean time per level.
                   A        B        C        D        E       F      G
               +--------+--------+--------+--------+--------+-----+--------+
         Total |   2307 |   2147 |    160 |    362 |    894 |  11 |  209.7 |
       Dungeon |   2307 |   2147 |    160 |    362 |    894 |  11 |  209.7 |
               +--------+--------+--------+--------+--------+-----+--------+

Top non-repeatable levels by time:
     D:2: 988 daAuts
     D:1: 579 daAuts
     D:6: 233 daAuts
     D:9: 147 daAuts
     D:4: 100 daAuts
    D:10: 95 daAuts
     D:3: 94 daAuts
     D:8: 56 daAuts
     D:5: 5 daAuts
    D:11: 3 daAuts
     D:7: 1 daAuts
